 Dungeon Crawl Stone Soup version 0.23-a0-558-g30802b1 (webtiles) character file.

74 rageheart7 the Vandal (level 4, 0/29 HPs)
             Began as a Halfling Hunter on Dec 12, 2018.
             Slain by Robin
             ... wielding a cursed -3 short sword
              (3 damage)
             ... on level 2 of the Dungeon.
             The game lasted 00:03:20 (1399 turns).

rageheart7 the Vandal (Halfling Hunter)             Turns: 1399, Time: 00:03:21

Health: 0/29       AC:  4    Str: 14    XL:     4   Next: 52%
Magic:  4/4        EV: 20    Int: 18    God:
Gold:   56         SH:  0    Dex: 19    Spells: 3/3 levels left

rFire    . . .     SeeInvis .   b - +0 scimitar
rCold    . . .     Gourm    .   (shield restricted)
rNeg     . . .     Faith    .   c - +0 leather armour
rPois    .         Spirit   .   (no helmet)
rElec    .         Reflect  .   (no cloak)
rCorr    .         Harm     .   (no gloves)
MR       .....                  i - +0 pair of boots
Stlth    +++.......             (no amulet)
HPRegen  0.09/turn              k - +4 ring of intelligence
MPRegen  0.09/turn              l - +5 ring of intelligence

@: agile, flying (expiring)
A: small, mutation resistance 1
a: no special abilities


You were on level 2 of the Dungeon.
You were not hungry.

You visited 1 branch of the dungeon, and saw 3 of its levels.

You collected 56 gold pieces.

Inventory:

Hand Weapons
 a - a +1 hunting sling
 b - a +0 scimitar (weapon)
Missiles
 d - 14 sling bullets
Armour
 c - a +0 leather armour (worn)
 i - a +0 pair of boots (worn)
Jewellery
 k - a +4 ring of intelligence (left hand)
 l - a +5 ring of intelligence (right hand)
Scrolls
 m - 2 scrolls of remove curse
Comestibles
 f - 6 rations
 g - 3 chunks of flesh


   Skills:
 * Level 2.2 Fighting
 + Level 0.1 Long Blades
 * Level 7.9 Slings
 - Level 2.1 Dodging
 - Level 1.1 Stealth


You had 3 spell levels left.
You didn't know any spells.
Your spell library contained the following spells:

 Spells                   Type           Power        Failure   Level  Hunger
 Animate Skeleton         Necr           N/A          28%         1    ##.....
 Apportation              Tloc           #.....       28%         1    ##.....
 Confusing Touch          Hex            #.....       28%         1    ##.....
 Summon Small Mammal      Summ           #...         28%         1    ##.....


Dungeon Overview and Level Annotations

Branches:
Dungeon (3/15)

Altars:
Hepliaklqana
Qazlal
Xom

Annotations:
D:2 Robin


Innate Abilities, Weirdness & Mutations

You are small and have problems with some larger weapons.
You are somewhat resistant to further mutation.


Message History

The ball python constricts you. Robin barely misses you.
You escape the ball python's grasp.
The hobgoblin hits you but does no damage.
Robin barely misses you.
You riposte.
You hit Robin but do no damage.
Robin is moderately wounded.
The ball python closely misses you.
You riposte.
You barely miss the ball python. The ball python misses you.
You fly upwards.
There is a stone staircase leading down here.
You aren't carrying any potions.
The hobgoblin hits you with a +0 club.
* * * LOW HITPOINT WARNING * * *
You see here a goblin skeleton.
The hobgoblin misses you.
You slash the ball python!
You kill the ball python!
You are starting to lose your buoyancy.
The hobgoblin misses you.
You riposte.
You barely miss the hobgoblin.
Robin hits you with a cursed -3 short sword.
You die...

♣.P_P..##.8.[P..###
.....)♣##..P.P..#
♣.P.P..##♣.P....#
###.########'#####
.P............P..#
#....P.....PP8♣####
#####......#####).#
###..####.>g..#
#.#..#.##))g@.#
#......####.###
#.......###.#
#.....#.....#
######..#...#####
........##.##
######.###.#
######.# #.#
.......# #.#


You could see Robin and a hobgoblin.

Vanquished Creatures
  A worm (D:2)
  3 dart slugs
  A leopard gecko (D:1)
  7 bats
  A giant cockroach (D:1)
  17 goblins
  5 hobgoblins
  5 jackals
  A quokka (D:2)
  3 ball pythons
  5 frilled lizards
  3 kobolds
  7 rats
59 creatures vanquished.

Notes
Turn   | Place    | Note
-------+----------+-------------------------------------------
     0 | D:1      | rageheart7 the Halfling Hunter began the quest for the Orb.
     0 | D:1      | Reached XP level 1. HP: 14/14 MP: 1/1
    84 | D:1      | Reached skill level 6 in Slings
   238 | D:1      | Reached XP level 2. HP: 19/19 MP: 2/2
   486 | D:1      | Reached XP level 3. HP: 24/24 MP: 3/3
   495 | D:1      | Reached skill level 7 in Slings
   604 | D:2      | Found a stormy altar of Qazlal.
   753 | D:2      | Found a faded altar of an unknown god.
   970 | D:2      | Reached XP level 4. HP: 29/29 MP: 4/4
  1214 | D:2      | Found a hazy altar of Hepliaklqana.
  1215 | D:2      | Found a shimmering altar of Xom.
  1216 | D:2      | Noticed a spectral ugly thing
  1357 | D:3      | Noticed Robin
  1399 | D:2      | Slain by Robin

Vault maps used:
D:1:      dpeg_arrival_simpleton_c
D:2:      regret_index_temple_of_mockery, nicolae_qazlal_general_emergency,
          chequers_ecumenical_altar_lobes
D:3:      bloody_trog, first_ration, kennysheep_small_spiral, uniq_grinder,
          uniq_robin

Skill      XL: |  1  2  3 |
---------------+----------+-----
Slings         | 6 7 |  7.9
Fighting       | 2 |  2.2
Long Blades    | |  0.1
Dodging        | |  2.1
Stealth        | |  1.1

Action                   |  1- 3 |  4- 6 || total
-------------------------+-------+-------++-------
Melee: Scimitar          |     6 |    21 ||    27
 Fire: Hunting sling     |    92 |    33 ||   125
  Use: Scroll            |       |     4 ||     4
       Potion            |       |     2 ||     2
  Eat: Chunk             |       |     1 ||     1
Armor: Leather armour    |     5 |    12 ||    17
Dodge: Dodged            |    17 |    68 ||    85
       Rpst.: Scimitar   |       |    20 ||    20

Table legend:
 A = Non-vault XP
 B = Vault XP
 C = Vault XP percentage of total XP
 D = Non-vault monster count
 E = Vault monster count
 F = Vault count percentage of total count
                 A         B        C        D         E       F
            +---------+---------+-------+---------+---------+-------
      Total |      90 |      16 |  15.1 |      51 |       8 |  13.6
            +---------+---------+-------+---------+---------+-------
        D:1 |      40 |       0 |   0.0 |      21 |       0 |   0.0
        D:2 |      48 |       8 |  14.3 |      28 |       4 |  12.5
        D:3 |       2 |       8 |  80.0 |       2 |       4 |  66.7
            +---------+---------+-------+---------+---------+-------
